 Dungeon Crawl Stone Soup version 0.30-a0-867-g305f33218d (webtiles) character file.

Game seed: 12397939119289305737

32681 Dittersdorf the Blocker (level 13, -13/88 HPs)
             Began as a Gargoyle Fighter on Mar 10, 2023.
             Was a High Priest of Okawaru.
             Mangled by a death scarab (20 damage)
             ... in a Gauntlet.
             The game lasted 00:26:06 (16487 turns).

Dittersdorf the Blocker (Gargoyle Fighter)         Turns: 16487, Time: 00:26:07

Health: -13/88     AC: 32    Str: 27    XL:     13   Next: 66%
Magic:  13/13      EV: 12    Int:  8    God:    Okawaru [*****.]
Gold:   1030       SH:  7    Dex: 15    Spells: 6/12 levels left

rFire   + + .      SeeInvis .    p - +10 whip "Naggia" {flame, rPois Str+3}
rCold   . . .      Faith    .    c - +0 buckler
rNeg    + . .      Spirit   .    j - +1 plate armour
rPois   ∞          Reflect  .    (no helmet)
rElec   +          Rampage  .    w - +0 cloak {Stlth+}
rCorr   .          NoTele   +    H - +0 pair of gloves
Will    .....                    f - +1 pair of boots "Darediv" {rF++ Int-2} Stlth
                                 (no amulet)
HPRegen 0.34/turn                z - +6 ring of dexterity
MPRegen 0.13/turn                a - +5 ring of evasion

@: slowed, invisible, very slow
A: sickness immunity, AC +9, negative energy resistance 1, electricity
resistance, torment resistance 1, petrification resistance
a: Renounce Religion, Heroism, Finesse, Duel


You were in a Gauntlet.
You worshipped Okawaru.
Okawaru was extremely pleased with you.
You visited 3 branches of the dungeon, and saw 15 of its levels.
You also visited: Sewer and Gauntlet.

You collected 1030 gold pieces.

Inventory:

Hand Weapons
 p - the +10 whip "Naggia" (weapon) {flame, rPois Str+3}
   (You found it on level 2 of the Dungeon)

   Str:       It affects your strength (+3).
   rPois:     It protects you from poison.
 A - a +0 morningstar of flaming
Missiles
 u - 13 curare-tipped darts (quivered)
Armour
 c - a +0 buckler (worn)
 f - the +1 pair of boots "Darediv" (worn) {rF++ Int-2}
   (You found it in a Gauntlet)

   Int:       It affects your intelligence (-2).
   rF:        It greatly protects you from fire.
 j - a +1 plate armour (worn)
 w - a +0 cloak of stealth (worn)
 H - a +0 pair of gloves (worn)
Magical Staves
 C - a staff of earth
Jewellery
 a - a +5 ring of evasion (right hand)
 z - a +6 ring of dexterity (left hand)
 I - a ring of fire
Wands
 E - a wand of acid (18)
Scrolls
 e - 7 scrolls of blinking
 g - 2 scrolls of teleportation
 k - a scroll of poison
 n - a scroll of fog
 v - 3 scrolls of silence
 y - 2 scrolls of enchant weapon
 D - 2 scrolls of fear
 F - 2 scrolls of enchant armour
Potions
 b - 3 potions of magic
 d - 6 potions of might
 h - 3 potions of mutation
 i - 2 potions of heal wounds
 l - 3 potions of ambrosia
 m - 4 potions of flight
 o - 2 potions of brilliance
 q - a potion of invisibility
 s - 2 potions of cancellation
 t - 2 potions of berserk rage
 B - 2 potions of haste
 G - a potion of resistance {unknown}


   Skills:
 + Level 13.1 Fighting
 + Level 11.8 Maces & Flails
 + Level 13.0 Armour
 + Level 13.1 Shields


You had 6 spell levels left.
You knew the following spells:

 Your Spells              Type           Power      Damage    Failure   Level
a - Passwall              Tmut/Erth      0%         N/A       99%         2
b - Petrify               Tmut/Erth      0%         N/A       100%        4

Your spell library contained the following spells:

 Spells                   Type           Power      Damage    Failure   Level
 Foxfire                  Conj/Fire      0%         2x1d4     98%         1
 Slow                     Hex            0%         N/A       98%         1
 Sting                    Tmut/Pois      0%         1d3       98%         1
 Blink                    Tloc           0%         N/A       99%         2
 Ensorcelled Hibernation  Hex/Ice        0%         N/A       99%         2
 Lesser Beckoning         Tloc           0%         N/A       99%         2
 Momentum Strike          Conj/Tloc      0%         3d8       99%         2
 Poisonous Vapours        Pois/Air       0%         N/A       99%         2
 Wereblood                Tmut           0%         N/A       99%         2
 Confusing Touch          Hex            0%         N/A       100%        3
 Gell's Gravitas          Tloc           0%         N/A       100%        3
 Mephitic Cloud           Conj/Pois/Air  0%         N/A       100%        3
 Swiftness                Air            0%         N/A       100%        3
 Teleport Other           Tloc           0%         N/A       100%        3
 Vampiric Draining        Necr           0%         2d6       100%        3
 Olgreb's Toxic Radiance  Pois           0%         N/A       100%        4
 Fireball                 Conj/Fire      0%         3d3       100%        5
 Irradiate                Conj/Tmut      0%         3d11      100%        5
 Starburst                Conj/Fire      0%         6d3       100%        6
 Cigotuvi's Dreadful Rot  Necr/Pois/Air  Unusable   N/A       N/A         2
 Sublimation of Blood     Necr           Unusable   N/A       N/A         2
 Summon Hydra             Summ           Unusable   N/A       N/A         7

Dungeon Overview and Level Annotations

Branches:
Dungeon (10/15)            Temple (1/1) D:6            Lair (4/5) D:9
 Shoals (0/4) Lair:2       Spider (0/4) Lair:3        Sewer (visited)
Gauntlet (1/1)
  Slime: Lair:4-5       Orc: D:9-12

Altars:
Cheibriados
Dithmenos
Elyvilon
Fedhas
Gozag
Hepliaklqana
Kikubaaqudgha
Okawaru
Qazlal
Ru
Uskayaw
Wu Jian
Xom
Yredelemnul
Zin

Shops:
D:8 (

Annotations:
Gauntlet 9 transporters, 1 runed translucent door, exclusion: oklob plant


Innate Abilities, Weirdness & Mutations

You are immune to sickness and miasma.
Your stone body is resilient. (AC +9)
You are immune to poison.
You resist negative energy. (rN+)
You are resistant to electric shocks. (rElec)
You are resistant to unholy torment.
You are immune to petrification.


Message History

* * * LOW HITPOINT WARNING * * *
The death scarab drains your vigour!
You feel as though you will be slow longer.
You feel much better. You block the death scarab's attack.
You fade into invisibility!
You feel like a meek peon again. The death scarab barely misses you.
The death scarab bites you but does no damage. x2
You catch the helpless death scarab completely off-guard!
You hit the death scarab but do no damage.
The death scarab bites you but does no damage.
The death scarab bites you.
* * * LOW HITPOINT WARNING * * *
The death scarab drains your vigour!
You feel as though you will be slow longer.
You whack the death scarab! You burn the death scarab.
The death scarab is moderately damaged.
You block the death scarab's attack.
You catch the helpless death scarab completely off-guard!
You hit the death scarab. You burn the death scarab.
The death scarab is heavily damaged.
The death scarab barely misses you.
You catch the helpless death scarab completely off-guard!
You whack the death scarab! You burn the death scarab.
The death scarab is severely damaged.
The death scarab bites you.
* * * LOW HITPOINT WARNING * * *
You barely miss the death scarab.
The death scarab is severely damaged.
The death scarab barely misses you.
You catch the helpless death scarab completely off-guard!
You hit the death scarab. You burn the death scarab.
The death scarab is almost destroyed.
You block the death scarab's attack. The death scarab bites you!!
* * * LOW HITPOINT WARNING * * *
The death scarab drains your vigour!
You feel as though you will be slow longer.
The death scarab bites you!!
You die...

#§...#...........©....
###...#.©.........©....
#≈..###################
##..#..8#8..#.#.#2....#
#≈..#...8†..#.#.#..##.#
##..#8.8.8.8#.#..##..##
#≈..##8.©.8##.##..©..##
##..#8.8.8.8#.##..##..#
#≈..#.@B8...#.#.##$=#.#
##..#.[$©)..#.#..?©.#.#
#≈..#########.#########
##.....................
#≈..............8.∩.8..
###≈#≈#≈#≈#§###########
############.........
#...©.©.©..
#...........


You could see a death scarab (unable to see you).

Vanquished Creatures
  The ghost of TheSexyCheese the Grand Scion, a journeyman DsGl of Hepliaklqana (Lair:3)
  A two-headed ogre (D:9)
  A boulder beetle (Lair:1)
  5 death yaks
  A death scarab (Gauntlet)
  Sonja (D:10)
  A spectral death yak (Gauntlet)
  Pikel (D:7)
  A worldbinder (Gauntlet)
  Maurice (D:8)
  8 elephants
  4 black mambas
  A water nymph (Lair:2)
  6 cane toads
  Maggie (D:10)
  2 komodo dragons
  3 rime drakes
  A kobold demonologist (D:10)
  The ghost of pigah the Gusty, a novice OpWn (D:5)
  A troll (D:9)
  Grinder (D:4)
  2 hornets (D:8)
  18 blink frogs
  2 slime creatures (Gauntlet)
  A spectral black mamba (Gauntlet)
  Sigmund (D:2)
  3 wyverns
  19 yaks
  3 basilisks
  A vampire (D:10)
  Grum (D:8)
  2 steam dragons
  Menkaure (D:7)
  An acid dragon (D:10)
  5 water moccasins
  An orc warrior (D:10)
  Duvessa (D:7)
  5 ice beasts
  4 black bears
  3 ogres
  A boggart (Gauntlet)
  2 centaurs
  A black mamba simulacrum (Lair:3)
  9 wolves
  A phantom (D:4)
  5 kobold brigands
  15 bullfrogs
  A skyshark simulacrum (Lair:3)
  A cane toad simulacrum (Lair:3)
  2 scorpions
  Dowan (D:7)
  7 wights (D:8)
  A blink frog simulacrum (Lair:3)
  21 killer bees
  A dream sheep simulacrum (Lair:3)
  A howler monkey (D:4)
  6 electric eels
  A torpor snail simulacrum (Lair:3)
  4 hounds
  6 jellies
  2 gnoll boudas
  3 iguanas
  14 orc wizards
  Terence (D:2)
  A sleepcap (D:8)
  4 hell rats (Lair:2)
  A basilisk simulacrum (Lair:3)
  24 gnolls
  11 river rats
  11 adders
  A shadow imp (D:5)
  2 white imps
  2 ufetubi
  7 worms
  3 dart slugs
  23 orcs
  11 ball pythons
  8 bats
  9 endoplasms
  3 giant cockroaches
  6 goblins
  7 hobgoblins
  28 kobolds
  14 quokkas
  4 frilled lizards
  30 rats
434 creatures vanquished.

Vanquished Creatures (others)
  15 fungi
  17 plants
32 creatures vanquished.

Grand Total: 466 creatures vanquished

Notes
Turn   | Place    | Note
-------+----------+-------------------------------------------
     0 | D:1      | Dittersdorf the Gargoyle Fighter began the quest for the
                  | Orb.
     0 | D:1      | Reached XP level 1. HP: 14/14 MP: 1/1
   150 | D:1      | Reached XP level 2. HP: 18/19 MP: 2/2
   527 | D:1      | Reached XP level 3. HP: 23/23 MP: 3/3
   574 | D:1      | Found a faded altar of an unknown god.
  1198 | D:2      | Reached XP level 4. HP: 29/29 MP: 4/4
  1226 | D:2      | Noticed a scorpion
  1245 | D:2      | Killed a scorpion
  1246 | D:2      | Reached XP level 5. HP: 33/33 MP: 5/5
  1259 | D:2      | Noticed Terence
  1267 | D:2      | Killed Terence
  1362 | D:2      | Noticed Sigmund
  1381 | D:2      | Killed Sigmund
  1382 | D:2      | Reached XP level 6. HP: 18/40 MP: 6/6
  1695 | D:2      | Identified the +10 whip "Naggia" {flame, rPois Str+3}
  2000 | D:3      | Reached skill level 5 in Shields
  2083 | D:3      | Found a blossoming altar of Fedhas.
  2151 | D:3      | Reached skill level 5 in Fighting
  2402 | D:4      | Reached skill level 5 in Armour
  2402 | D:4      | Reached XP level 7. HP: 44/44 MP: 7/7
  2438 | D:4      | Noticed Grinder
  2451 | D:4      | Killed Grinder
  2633 | D:4      | Reached XP level 8. HP: 45/51 MP: 8/8
  3269 | D:4      | Reached skill level 5 in Maces & Flails
  3356 | D:5      | Entered Level 5 of the Dungeon
  3409 | D:5      | Found a transporter.
  3414 | D:5      | Noticed pigah's ghost (novice OpWn)
  3429 | D:5      | Found a transporter.
  3433 | D:5      | Found a glowing silver altar of Zin.
  3449 | D:5      | Found a glowing drain.
  3461 | D:5      | Noticed a +0 dagger
  3479 | D:5      | Noticed a +0 dagger
  3485 | Sewer    | Entered a sewer
  4263 | D:5      | Found a hide-covered altar of Uskayaw.
  4842 | D:6      | Found a staircase to the Ecumenical Temple.
  4849 | D:6      | You fall into a shaft and drop 3 floors!
  4892 | D:9      | Reached XP level 9. HP: 54/56 MP: 9/9
  5110 | D:9      | Found a snail-covered altar of Cheibriados.
  5111 | D:9      | Found a sacrificial altar of Ru.
  5198 | D:7      | Noticed Menkaure
  5204 | D:7      | Killed Menkaure
  5254 | D:7      | Noticed Duvessa
  5254 | D:7      | Noticed Dowan
  5270 | D:7      | Killed Duvessa
  5278 | D:7      | Killed Dowan
  5390 | Temple   | Entered the Ecumenical Temple
  5421 | Temple   | Became a worshipper of Warmaster Okawaru
  6508 | D:7      | Noticed Pikel
  6517 | D:7      | Killed Pikel
  6517 | D:7      | Reached * piety under Okawaru
  6518 | D:7      | Reached XP level 10. HP: 65/65 MP: 10/10
  6852 | D:7      | Found an opulent altar of Gozag.
  6978 | D:7      | Found a hazy altar of Hepliaklqana.
  7379 | D:8      | Reached ** piety under Okawaru
  7404 | D:8      | Noticed Grum
  7457 | D:8      | Killed Grum
  7990 | D:8      | Noticed Maurice
  8015 | D:8      | Reached *** piety under Okawaru
  8048 | D:8      | Killed Maurice
  8537 | D:8      | Found Zourius's Weapon Shoppe.
  8759 | D:9      | Noticed a two-headed ogre
  8770 | D:9      | Killed a two-headed ogre
  8771 | D:9      | Reached XP level 11. HP: 63/72 MP: 11/11
  8835 | D:9      | Found a shimmering altar of Xom.
  9115 | D:9      | Found a staircase to the Lair.
  9721 | D:10     | Entered Level 10 of the Dungeon
  9773 | D:10     | Reached skill level 10 in Shields
  9834 | D:10     | Noticed Maggie
  9845 | D:10     | Killed Maggie
  9845 | D:10     | Reached **** piety under Okawaru
  9846 | D:10     | Reached skill level 10 in Armour
  9867 | D:10     | Reached skill level 10 in Fighting
 10010 | D:10     | Noticed Sonja
 10018 | D:10     | Killed Sonja
 10278 | D:10     | Received a gift from Okawaru
 10699 | Lair:1   | Entered Level 1 of the Lair of Beasts
 10812 | D:9      | Received a gift from Okawaru
 11166 | D:9      | Reached ***** piety under Okawaru
 11175 | D:9      | Received a gift from Okawaru
 11367 | Lair:1   | Noticed a boulder beetle
 11392 | Lair:1   | Killed a boulder beetle
 11393 | Lair:1   | Reached XP level 12. HP: 53/80 MP: 12/12
 11983 | Lair:1   | Received a gift from Okawaru
 12008 | Lair:1   | Reached skill level 10 in Maces & Flails
 12035 | Lair:1   | HP: 2/80 [elephant (3)]
 12049 | Lair:1   | Received a gift from Okawaru
 12479 | Lair:2   | Found a staircase to the Shoals.
 12543 | Lair:2   | HP: 2/80 [hell rat (5)]
 12933 | Lair:2   | Noticed a death yak
 12935 | Lair:2   | Noticed a death yak
 12941 | Lair:2   | Noticed a death yak
 12949 | Lair:2   | Noticed a death yak
 12949 | Lair:2   | Noticed a death yak
 12958 | Lair:2   | Killed a death yak
 13109 | Lair:1   | Killed a death yak
 13121 | Lair:1   | Killed a death yak
 13121 | Lair:1   | Received a gift from Okawaru
 13135 | Lair:1   | Killed a death yak
 13319 | Lair:1   | Killed a death yak
 13402 | Lair:1   | Reached XP level 13. HP: 58/86 MP: 13/13
 13756 | Lair:2   | Learned a level 2 spell: Passwall
 14470 | Lair:3   | Learned a level 4 spell: Petrify
 14508 | Lair:3   | Noticed TheSexyCheese's ghost (journeyman DsGl)
 14564 | Lair:3   | Found a hole to the Spider Nest.
 14580 | Lair:3   | Found a runed translucent gate.
 14580 | Lair:3   | Found a runed translucent gate.
 14580 | Lair:3   | Found a runed translucent gate.
 15211 | D:5      | Killed pigah's ghost
 15468 | Lair:3   | Killed TheSexyCheese's ghost
 15760 | Lair:4   | Found a gate leading to a gauntlet.
 15804 | Gauntlet | Entered a Gauntlet
 15804 | Gauntlet | Found a transporter.
 15804 | Gauntlet | Found a transporter.
 15936 | Gauntlet | Found a transporter.
 15949 | Gauntlet | Found a transporter.
 15949 | Gauntlet | Found a transporter.
 15949 | Gauntlet | Found a transporter.
 15951 | Gauntlet | Found a transporter.
 15951 | Gauntlet | Found a transporter.
 15965 | Gauntlet | Found a transporter.
 15980 | Gauntlet | Noticed a blizzard demon
 15981 | Gauntlet | Found a transporter.
 15991 | Gauntlet | Found a transporter.
 16008 | Gauntlet | Found a transporter.
 16028 | Gauntlet | Found a transporter.
 16029 | Gauntlet | Found a runed translucent door.
 16043 | Gauntlet | Found a transporter.
 16110 | Gauntlet | Identified the +1 pair of boots "Darediv" {rF++ Int-2}
 16467 | Gauntlet | HP: 4/88 [death scarab (15)]
 16487 | Gauntlet | Mangled by a death scarab

Illustrated notes

Levels and vault maps discovered:
D:1:      beargit_arrival_diablo_church, layout_loops_corners,
          basic_ecumenical_altar, minmay_small_reverse_x
D:2:      layout_basic, serial_bayou_ford_a, uniq_terence, uniq_sigmund
D:3:      layout_loops_ring, fedhas_altar_4, kennysheep_generic_room_14
D:4:      layout_layer_cave, grunt_ministairs_6, uniq_grinder
D:5:      layout_layer_cave, dancing_weapons_uskayaw,
          mainiacjoe_overflow_cross_hatched, gammafunk_ghost_arena,
          cheibrodos_sewer_entry_sluice, minmay_a_box_with_orc_wizards_in_it
D:6:      lemuel_ratsnest, layout_basic, minmay_temple_entry_stoned_glass
D:7:      layout_basic, amcnicky_altar_gilded, nicolae_overflow_hidden_temple,
          hangedman_abyss_or_decor_lesser_grid, uniq_duvessa, uniq_pikel,
          uniq_menkaure
D:8:      nicolae_moon_pools, layout_basic, serial_shops,
          nicolae_shop_behind_doors, st_stairs_11, uniq_grum, uniq_maurice
D:9:      layout_layer_cave, xom_teletrap_fun,
          chequers_temple_overflow_statue_of_worship, lair_entry_dummy
D:10:     layout_stronghold, uniq_maggie, uniq_sonja
Temple:   nicolae_temple_great_sept
Lair:1:   layout_cave_pods, grunt_megastairs_4, serial_bayou_shore_a,
          serial_bayou_shore_b, infiniplex_staircase_pool
Lair:2:   layout_loops_ring, nicolae_shoals_entry_flooding,
          beast_lair_carwin_11, serial_bayou_shore_b, lemuel_fruit_fields
Lair:3:   layout_chaotic_city, spider_nest_entry_a, gammafunk_ghost_icy
Lair:4:   layout_cave_shapes, gauntlet_entry_generic
Gauntlet: gammafunk_gauntlet_mixed_choke_point
          [minmay_gauntlet_arena_77_block_sizes,
          minmay_gauntlet_arena_77_braids, minmay_gauntlet_arena_77_path,
          nicolae_gauntlet_arena_blocks, minmay_gauntlet_arena_77_two_lines,
          minmay_gauntlet_arena_77_squiggly,
          minmay_gauntlet_arena_77_terracotta_army,
          dreamdust_gauntlet_exit_labyrinth]

Skill      XL: |  1  2  3  4  5  6  7  8  9 10 11 12 13 |
---------------+----------------------------------------+-----
Fighting       | 4 5 6 8 9 11 12 13 | 13.1
Maces & Flails | 3 4 5 7 8 9 11 | 11.8
Armour         | 4 5 6 8 9 11 12 13 | 13.0
Shields        | 4 5 6 8 9 11 12 13 | 13.1

Action                     |  1- 3 |  4- 6 |  7- 9 | 10-12 | 13-15 || total
---------------------------+-------+-------+-------+-------+-------++-------
  Melee: Flail             |   135 |   100 |       |       |       ||   235
         Whip              |       |    32 |   425 |   723 |   311 ||  1491
  Throw: Dart              |       |       |       |     3 |       ||     3
 Invoke: Heroism           |       |       |       |     2 |     4 ||     6
    Use: Scroll            |       |    10 |     8 |     9 |     2 ||    29
         Potion            |       |       |       |     3 |     6 ||     9
   Stab: Invisible         |       |       |       |       |     4 ||     4
 Armour: Scale mail        |    73 |       |       |       |       ||    73
         Chain mail        |     5 |    89 |    83 |       |       ||   177
         Plate armour      |       |       |   146 |   327 |   134 ||   607
  Dodge: Dodged            |    82 |    58 |   167 |   323 |   101 ||   731
  Block: Buckler           |    38 |    41 |    99 |   227 |    97 ||   502

Table legend: (Time is in decaauts)
 A = Elapsed time spent in this place.
 B = Non-inter-level travel time spent in this place.
 C = Inter-level travel time spent in this place.
 D = Time resting spent in this place.
 E = Time spent auto-exploring this place.
 F = Levels seen in this place.
 G = Mean time per level.
                   A        B        C        D        E       F      G
               +--------+--------+--------+--------+--------+-----+--------+
         Total |  16268 |  15365 |    903 |   1700 |  10437 |  17 |  956.9 |
       Dungeon |  10924 |  10308 |    616 |    628 |   7593 |  10 | 1092.4 |
        Temple |     43 |     32 |     11 |      0 |     21 |   1 |   43.0 |
          Lair |   4213 |   3938 |    275 |    830 |   2370 |   4 | 1053.2 |
         Sewer |    421 |    421 |      0 |      0 |    210 |   1 |  421.0 |
      Gauntlet |    665 |    665 |      0 |    242 |    242 |   1 |  665.0 |
               +--------+--------+--------+--------+--------+-----+--------+

Top non-repeatable levels by time:
  Lair:1: 2054 daAuts
     D:9: 1787 daAuts
     D:8: 1411 daAuts
     D:1: 1238 daAuts
     D:6: 1219 daAuts
  Lair:3: 1159 daAuts
     D:5: 1115 daAuts
     D:7: 1025 daAuts
  Lair:2: 966 daAuts
    D:10: 937 daAuts
     D:4: 933 daAuts
Gauntlet: 665 daAuts
     D:2: 642 daAuts
     D:3: 612 daAuts
   Sewer: 421 daAuts
